 Dungeon Crawl Stone Soup version 0.29.0-4-gdea44cf6ec (webtiles) character file.

Game seed: 11043649345176595869

4878 qw the Grappler (level 10, -5/93 HPs)
             Began as a Troll Cinder Acolyte on Aug 31, 2022.
             Was a Follower of Ignis.
             Killed from afar by an acid dragon (21 damage)
             ... with a splash of acid
             ... on level 8 of the Dungeon.
             The game lasted 00:03:48 (6815 turns).

qw the Grappler (Troll Cinder Acolyte)              Turns: 6815, Time: 00:03:48

Health: -5/93      AC:  7    Str: 28    XL:     10   Next: 26%
Magic:  10/10      EV:  8    Int: 10    God:    Ignis [*.....]
Gold:   303        SH:  8    Dex:  5    Spells: 11/11 levels left

rFire   + . .      SeeInvis .     - Unarmed
rCold   . . .      Faith    .   j - +0 kite shield
rNeg    . . .      Spirit   .   a - +0 robe
rPois   .          Reflect  .   (helmet restricted)
rElec   .          Harm     .   (no cloak)
rCorr   .          Rampage  .   (gloves unavailable)
Will    .....                   (boots unavailable)
Stlth   +.........              (no amulet)
HPRegen 1.05/turn               (no ring)
MPRegen 0.12/turn               (no ring)

@: corroded, fiery-armoured
A: large, unfitting armour, claws 3, regeneration 1, shaggy fur 1, tough skin 1
a: Renounce Religion, Fiery Armour, Foxfire Swarm, Rising Flame


You were on level 8 of the Dungeon.
You worshipped Ignis.
Ignis was aware of your devotion.
You visited 1 branch of the dungeon, and saw 8 of its levels.

You collected 303 gold pieces.


Innate Abilities, Weirdness & Mutations

You are too large for most types of armour.
You have claws for hands.
Your natural rate of healing is unusually fast.
You are covered in fur. (AC +1)
You have tough skin. (AC +1)


   Skills:
 - Level 4.2 Fighting
 - Level 2.0 Throwing
 - Level 1.6 Dodging
 + Level 8.6 Shields
 - Level 11.0 Unarmed Combat
 - Level 1.0 Spellcasting
 - Level 2.1 Fire Magic


You had 11 spell levels left.
You didn't know any spells.
Your spell library contained the following spells:

 Spells                   Type           Power      Damage    Failure   Level
 Scorch                   Fire           8%         2d5       38%         2

Inventory:

Missiles
 d - 9 boomerangs (quivered)
Armour
 a - a +0 robe (worn)
 j - a +0 kite shield (worn)
Scrolls
 f - a scroll of identify
 l - 2 scrolls of enchant weapon
 p - a scroll of enchant armour
Potions
 b - a potion of resistance
 c - 2 potions of mutation
 g - a potion of invisibility {unknown}
 h - a potion of haste
 i - a potion of degeneration {unknown}
 k - a potion of curing
 n - a potion of magic {unknown}
 o - a potion of flight {unknown}

Dungeon Overview and Level Annotations

Branches:
Dungeon (8/15)             Temple (0/1) D:5
   Lair: D:8-11

Altars:
Cheibriados
Dithmenos
Okawaru
Sif Muna
Trog
Uskayaw
Yredelemnul
The Shining One

Shops:
D:2 =

Annotations:
D:3 3 runed translucent doors, qw's ghost, weakling TrCA
D:4 3 runed translucent doors, qw's ghost, novice TrCA


Message History

You feel much better. You block the white imp's attack.
You block the acid dragon's attack.
The acid dragon claws you but does no damage.
The acid dragon is burned by your cloak of flames.
The acid dragon is lightly wounded.
The orc warrior hits you with a +0 glaive.
The orc warrior is burned by your cloak of flames.
The orc warrior is lightly wounded.
You barely miss the orc warrior.
The orc warrior is lightly wounded.
You block the white imp's attack.
The acid dragon bites you but does no damage.
The acid dragon is burned by your cloak of flames.
The acid dragon is moderately wounded.
You block the acid dragon's attack.
The orc warrior hits you but does no damage.
The orc warrior is burned by your cloak of flames.
The orc warrior is moderately wounded.
You scratch the orc warrior.
The orc warrior is heavily wounded.
You block the white imp's attack.
The acid dragon bites you but does no damage.
The acid dragon is burned by your cloak of flames.
The acid dragon is moderately wounded.
You block the acid dragon's attack.
You barely miss the orc warrior.
The orc warrior is heavily wounded.
The orc warrior hits you with a +0 glaive!
The orc warrior is burned by your cloak of flames.
The orc warrior is heavily wounded.
You block the white imp's attack. The acid dragon spits acid at you.
The splash of acid hits you! The acid corrodes you!
You scratch the orc warrior.
The orc warrior is heavily wounded.
The orc warrior hits you with a +0 glaive!
The white imp closely misses you. The acid dragon spits acid at you.
The splash of acid hits you!!
You die...

.....#........#
....#......#.####.
#..#... #........
#..#..# #........
#...(<###.#
###.(.)...#
#.####### #%# #@#
#z5oD.# #9#.###
...#.# ~.. #.#
..~.. ... ..~. ..#
##~. ...


You could see an orc warrior, an acid dragon (catching breath), a gargoyle, a
wight and a white imp.

Vanquished Creatures
  A two-headed ogre (D:7)
  Prince Ribbit (D:7)
  A wyvern (D:7)
  A steam dragon (D:8)
  2 water moccasins
  A black bear (D:6)
  2 ice beasts
  A black bear (shapeshifter) (D:7)
  An ogre (D:5)
  2 centaurs
  A phantom (D:6)
  2 kobold brigands (D:7)
  A gnoll sergeant (D:6)
  2 scorpions
  6 bullfrogs
  2 necrophages
  13 wights
  12 killer bees
  3 howler monkeys
  3 hounds
  3 jellies
  An orc priest (D:4)
  An iron imp (D:5)
  2 iguanas (D:6)
  5 orc wizards
  13 gnolls
  10 adders
  A shadow imp (D:7)
  2 white imps
  An ufetubus (D:5)
  4 worms
  5 dart slugs
  17 orcs
  4 endoplasms
  5 giant cockroaches
  7 goblins
  8 hobgoblins
  2 jackals (D:2)
  16 kobolds
  5 quokkas
  4 ball pythons
  10 bats
  A frilled lizard (D:1)
  A goblin skeleton (D:5)
  2 goblin zombies (D:5)
  A hobgoblin zombie (D:5)
  A kobold skeleton (D:5)
  2 kobold zombies (D:5)
  An orc skeleton (D:5)
  5 rats
198 creatures vanquished.

Notes
Turn   | Place    | Note
-------+----------+-------------------------------------------
     0 | D:1      | qw the Troll Cinder Acolyte began the quest for the Orb.
     0 | D:1      | Reached XP level 1. HP: 22/22 MP: 1/1
     0 | D:1      | 0 ||| qw: Version: 0.1-a-97-g2dd2ca4
     0 | D:1      | 0 ||| qw: Game counter: 4497
     0 | D:1      | 0 ||| qw: Always use a shield: true
     0 | D:1      | 0 ||| qw: God list: Okawaru
     0 | D:1      | 0 ||| qw: Allow faded altars: false
     0 | D:1      | 0 ||| qw: Do Orc after D:15 true
     0 | D:1      | 0 ||| qw: Do second Lair branch before Depths: true
     0 | D:1      | 0 ||| qw: Lair rune preference: random
     0 | D:1      | 0 ||| qw: Plans: Normal
     0 | D:1      | 0 ||| PLANNING D:1-11
    40 | D:1      | 40 ||| Stepping ~*~*~tactically~*~*~ (stealth).
    44 | D:1      | 44 ||| Stepping ~*~*~tactically~*~*~ (stealth).
   130 | D:1      | Reached XP level 2. HP: 29/29 MP: 2/2
   147 | D:1      | 147 ||| Stepping ~*~*~tactically~*~*~ (hiding).
   150 | D:1      | 150 ||| Stepping ~*~*~tactically~*~*~ (hiding).
   152 | D:1      | 152 ||| Stepping ~*~*~tactically~*~*~ (hiding).
   269 | D:1      | Found a faded altar of an unknown god.
   390 | D:1      | 390 ||| Stepping ~*~*~tactically~*~*~ (hiding).
   391 | D:1      | 391 ||| Stepping ~*~*~tactically~*~*~ (hiding).
   401 | D:1      | Reached skill level 4 in Unarmed Combat
   697 | D:1      | Reached XP level 3. HP: 36/36 MP: 3/3
   969 | D:1      | 969 ||| READING 2 scrolls labelled CURPHO HAFFA.
  1013 | D:2      | 1013 ||| FLEEEEING.
  1014 | D:2      | 1014 ||| STAIRDANCE
  1030 | D:2      | 1030 ||| STAIRDANCE
  1131 | D:2      | 1131 ||| Stepping ~*~*~tactically~*~*~ (stealth).
  1242 | D:2      | 1242 ||| Stepping ~*~*~tactically~*~*~ (hiding).
  1447 | D:2      | Found Neosk's One-of-a-Kind Rings.
  1453 | D:2      | 1453 ||| SHOPLISTING +7 ring of protection (1035 gold, have
                  | 40).
  1453 | D:2      | 1453 ||| SHOPLISTING ring "Jommeuc" {rPois rC++ Str-5 Int+2
                  | Dex+6} (584 gold, have 40).
  1453 | D:2      | 1453 ||| SHOPLISTING ring of Itigidgh {rElec Will- rCorr
                  | Dex+3 SInv} (403 gold, have 40).
  1453 | D:2      | 1453 ||| SHOPLISTING ring of Loonwoes {AC+4 Int+3 Dex+2}
                  | (535 gold, have 40).
  1646 | D:2      | Reached skill level 5 in Unarmed Combat
  1646 | D:2      | Reached XP level 4. HP: 44/44 MP: 4/4
  1715 | D:2      | Found a hide-covered altar of Uskayaw.
  1774 | D:2      | 1774 ||| DROPPING ring of wizardry.
  1775 | D:2      | 1775 ||| READING scroll labelled ONOT PESOVEVU.
  1776 | D:2      | 1776 ||| DRINKING 2 emerald potions.
  1777 | D:2      | 1777 ||| READING 2 scrolls of identify.
  1777 | D:2      | 1777 ||| IDENTIFYING cyan potion
  1975 | D:3      | 1975 ||| Stepping ~*~*~tactically~*~*~ (stealth).
  1987 | D:3      | 1987 ||| Stepping ~*~*~tactically~*~*~ (outnumbered).
  2249 | D:3      | 2249 ||| Stepping ~*~*~tactically~*~*~ (stealth).
  2251 | D:3      | 2251 ||| INVOKING Fiery Armour.
  2257 | D:3      | Reached XP level 5. HP: 50/50 MP: 5/5
  2259 | D:3      | 2259 ||| Stepping ~*~*~tactically~*~*~ (outnumbered).
  2523 | D:3      | Found a runed translucent gate.
  2523 | D:3      | Identified the +9 whip of Vodka {vamp, rPois Stlth+}
  2523 | D:3      | Noticed qw's ghost (weakling TrCA)
  2524 | D:3      | Found a runed translucent gate.
  2525 | D:3      | Found a runed translucent gate.
  2657 | D:3      | 2657 ||| READING scroll labelled TUWNIN TO UTY.
  2658 | D:3      | 2658 ||| READING scroll labelled ZAIN FEHOO.
  2659 | D:3      | 2659 ||| READING 2 scrolls of identify.
  2659 | D:3      | 2659 ||| IDENTIFYING fuming white potion
  2674 | D:4      | 2674 ||| STAIRDANCE
  2676 | D:3      | 2676 ||| Stepping ~*~*~tactically~*~*~ (outnumbered).
  2677 | D:3      | 2677 ||| Stepping ~*~*~tactically~*~*~ (outnumbered).
  2713 | D:4      | 2713 ||| STAIRDANCE
  2715 | D:3      | 2715 ||| Stepping ~*~*~tactically~*~*~ (outnumbered).
  2724 | D:3      | Reached skill level 6 in Unarmed Combat
  2754 | D:4      | 2754 ||| STAIRDANCE
  2786 | D:4      | 2786 ||| STAIRDANCE
  2852 | D:4      | 2852 ||| INVOKING Fiery Armour.
  2919 | D:4      | 2919 ||| Stepping ~*~*~tactically~*~*~ (stealth).
  2977 | D:4      | 2977 ||| Stepping ~*~*~tactically~*~*~ (hiding).
  3171 | D:4      | Found a runed translucent gate.
  3171 | D:4      | Found a runed translucent gate.
  3172 | D:4      | Found a runed translucent gate.
  3172 | D:4      | Noticed qw's ghost (novice TrCA)
  3185 | D:4      | 3185 ||| INVOKING Fiery Armour.
  3189 | D:4      | Reached XP level 6. HP: 59/59 MP: 6/6
  3193 | D:4      | Reached skill level 7 in Unarmed Combat
  3526 | D:4      | 3526 ||| READING scroll labelled CIBO GONNAVES.
  3527 | D:4      | 3527 ||| DRINKING 2 clear potions.
  3562 | D:4      | 3562 ||| INVOKING Fiery Armour.
  3622 | D:4      | 3622 ||| READING scroll labelled CEDI SOPRARA.
  3665 | D:5      | Entered Level 5 of the Dungeon
  3742 | D:5      | Found a staircase to the Ecumenical Temple.
  3802 | D:5      | Noticed a water moccasin
  3809 | D:5      | Killed a water moccasin
  3810 | D:5      | Reached XP level 7. HP: 55/66 MP: 7/7
  3850 | D:5      | Reached skill level 8 in Unarmed Combat
  3894 | D:5      | 3894 ||| INVOKING Fiery Armour.
  3896 | D:5      | 3896 ||| Stepping ~*~*~tactically~*~*~ (outnumbered).
  3934 | D:5      | Reached skill level 3 in Fighting
  4085 | D:5      | Found a glowing golden altar of the Shining One.
  4086 | D:5      | 4086 ||| Stepping ~*~*~tactically~*~*~ (stealth).
  4088 | D:5      | 4088 ||| Stepping ~*~*~tactically~*~*~ (stealth).
  4089 | D:5      | 4089 ||| Stepping ~*~*~tactically~*~*~ (stealth).
  4090 | D:5      | 4090 ||| Stepping ~*~*~tactically~*~*~ (stealth).
  4103 | D:5      | 4103 ||| Stepping ~*~*~tactically~*~*~ (stealth).
  4109 | D:5      | 4109 ||| Stepping ~*~*~tactically~*~*~ (stealth).
  4111 | D:5      | 4111 ||| Stepping ~*~*~tactically~*~*~ (stealth).
  4112 | D:5      | 4112 ||| Stepping ~*~*~tactically~*~*~ (stealth).
  4120 | D:5      | 4120 ||| Stepping ~*~*~tactically~*~*~ (stealth).
  4193 | D:5      | Found a bloodstained altar of Trog.
  4336 | D:5      | 4336 ||| Stepping ~*~*~tactically~*~*~ (stealth).
  4341 | D:5      | 4341 ||| Stepping ~*~*~tactically~*~*~ (outnumbered).
  4342 | D:5      | 4342 ||| Stepping ~*~*~tactically~*~*~ (outnumbered).
  4343 | D:5      | 4343 ||| Stepping ~*~*~tactically~*~*~ (outnumbered).
  4347 | D:5      | 4347 ||| Stepping ~*~*~tactically~*~*~ (outnumbered).
  4348 | D:5      | 4348 ||| Stepping ~*~*~tactically~*~*~ (outnumbered).
  4349 | D:5      | 4349 ||| Stepping ~*~*~tactically~*~*~ (outnumbered).
  4350 | D:5      | 4350 ||| Stepping ~*~*~tactically~*~*~ (outnumbered).
  4351 | D:5      | 4351 ||| Stepping ~*~*~tactically~*~*~ (outnumbered).
  4354 | D:5      | 4354 ||| Stepping ~*~*~tactically~*~*~ (outnumbered).
  4356 | D:5      | 4356 ||| Stepping ~*~*~tactically~*~*~ (stealth).
  4518 | D:5      | 4518 ||| READING scroll labelled VAZXOO BEUMOOCI.
  4555 | D:6      | 4555 ||| Stepping ~*~*~tactically~*~*~ (hiding).
  4558 | D:6      | 4558 ||| Stepping ~*~*~tactically~*~*~ (hiding).
  4559 | D:6      | 4559 ||| Stepping ~*~*~tactically~*~*~ (hiding).
  4560 | D:6      | 4560 ||| Stepping ~*~*~tactically~*~*~ (hiding).
  4583 | D:6      | Reached skill level 9 in Unarmed Combat
  4707 | D:6      | Reached skill level 1 in Dodging
  4707 | D:6      | Reached XP level 8. HP: 68/75 MP: 8/8
  4722 | D:6      | 4722 ||| Stepping ~*~*~tactically~*~*~ (stealth).
  4832 | D:6      | 4832 ||| Stepping ~*~*~tactically~*~*~ (hiding).
  4847 | D:6      | 4847 ||| INVOKING Fiery Armour.
  4848 | D:6      | Reached skill level 10 in Unarmed Combat
  5270 | D:6      | 5270 ||| UPGRADING to +0 kite shield.
  5275 | D:6      | 5275 ||| READING scroll labelled YRA ENEUQEUST.
  5276 | D:6      | 5276 ||| READING scroll labelled CANAED WUE.
  5377 | D:6      | 5377 ||| DRINKING 2 metallic grey potions.
  5418 | D:7      | Reached skill level 1 in Shields
  5419 | D:7      | 5419 ||| INVOKING Fiery Armour.
  5482 | D:7      | 5482 ||| Stepping ~*~*~tactically~*~*~ (hiding).
  5522 | D:7      | Noticed Prince Ribbit
  5528 | D:7      | Killed Prince Ribbit
  5529 | D:7      | Reached skill level 3 in Shields
  5705 | D:7      | Identified the +11 great mace "Heaplock" {protect, Int+7}
  5714 | D:7      | Reached XP level 9. HP: 50/79 MP: 9/9
  5737 | D:7      | 5737 ||| Stepping ~*~*~tactically~*~*~ (stealth).
  5740 | D:7      | 5740 ||| Stepping ~*~*~tactically~*~*~ (stealth).
  5772 | D:7      | 5772 ||| Stepping ~*~*~tactically~*~*~ (stealth).
  5773 | D:7      | 5773 ||| Stepping ~*~*~tactically~*~*~ (stealth).
  5824 | D:7      | 5824 ||| Stepping ~*~*~tactically~*~*~ (stealth).
  5826 | D:7      | Found a snail-covered altar of Cheibriados.
  5829 | D:7      | 5829 ||| Stepping ~*~*~tactically~*~*~ (outnumbered).
  5832 | D:7      | 5832 ||| Stepping ~*~*~tactically~*~*~ (stealth).
  5836 | D:7      | 5836 ||| Stepping ~*~*~tactically~*~*~ (stealth).
  5839 | D:7      | 5839 ||| INVOKING Fiery Armour.
  5860 | D:7      | 5860 ||| Stepping ~*~*~tactically~*~*~ (stealth).
  5861 | D:7      | 5861 ||| Stepping ~*~*~tactically~*~*~ (stealth).
  5864 | D:7      | 5864 ||| Stepping ~*~*~tactically~*~*~ (stealth).
  5874 | D:7      | 5874 ||| FLEEEEING.
  5875 | D:7      | 5875 ||| FLEEEEING.
  5881 | D:7      | 5881 ||| FLEEEEING.
  5885 | D:7      | 5885 ||| STAIRDANCE
  5920 | D:6      | 5920 ||| READING scroll labelled YPRIOP ELOCAH.
  5929 | D:7      | Reached skill level 6 in Shields
  6091 | D:7      | Found an iron altar of Okawaru.
  6091 | D:7      | Found a shadowy altar of Dithmenos.
  6096 | D:7      | Found a basalt altar of Yredelemnul.
  6099 | D:7      | Found a shimmering blue altar of Sif Muna.
  6101 | D:7      | Found a hide-covered altar of Uskayaw.
  6205 | D:8      | 6205 ||| PLANNING OSSUARY
  6205 | D:8      | 6205 ||| STAIRDANCE
  6332 | D:8      | 6332 ||| STAIRDANCE
  6334 | D:7      | 6334 ||| Stepping ~*~*~tactically~*~*~ (outnumbered).
  6381 | D:8      | 6381 ||| STAIRDANCE
  6388 | D:7      | HP: 18/80 [wyvern (13)]
  6389 | D:7      | 6389 ||| DRINKING 3 potions of heal wounds.
  6390 | D:7      | 6390 ||| INVOKING Fiery Armour.
  6443 | D:8      | 6443 ||| STAIRDANCE
  6445 | D:7      | 6445 ||| Stepping ~*~*~tactically~*~*~ (outnumbered).
  6446 | D:7      | 6446 ||| Stepping ~*~*~tactically~*~*~ (outnumbered).
  6447 | D:7      | 6447 ||| Stepping ~*~*~tactically~*~*~ (outnumbered).
  6448 | D:7      | 6448 ||| Stepping ~*~*~tactically~*~*~ (outnumbered).
  6465 | D:8      | 6465 ||| STAIRDANCE
  6512 | D:8      | 6512 ||| STAIRDANCE
  6514 | D:7      | 6514 ||| Stepping ~*~*~tactically~*~*~ (outnumbered).
  6515 | D:7      | 6515 ||| Stepping ~*~*~tactically~*~*~ (outnumbered).
  6516 | D:7      | 6516 ||| Stepping ~*~*~tactically~*~*~ (outnumbered).
  6517 | D:7      | 6517 ||| Stepping ~*~*~tactically~*~*~ (outnumbered).
  6583 | D:8      | Noticed a two-headed ogre
  6584 | D:8      | 6584 ||| STAIRDANCE
  6590 | D:7      | 6590 ||| Stepping ~*~*~tactically~*~*~ (outnumbered).
  6591 | D:7      | 6591 ||| Stepping ~*~*~tactically~*~*~ (outnumbered).
  6622 | D:8      | 6622 ||| STAIRDANCE
  6624 | D:7      | 6624 ||| Stepping ~*~*~tactically~*~*~ (outnumbered).
  6625 | D:7      | 6625 ||| Stepping ~*~*~tactically~*~*~ (outnumbered).
  6626 | D:7      | 6626 ||| Stepping ~*~*~tactically~*~*~ (outnumbered).
  6628 | D:7      | 6628 ||| Stepping ~*~*~tactically~*~*~ (outnumbered).
  6669 | D:8      | 6669 ||| STAIRDANCE
  6674 | D:7      | 6674 ||| INVOKING Fiery Armour.
  6674 | D:7      | HP: 6/84 [two-headed ogre/+0 giant club (17)]
  6675 | D:7      | 6675 ||| DRINKING 2 potions of heal wounds.
  6680 | D:7      | Killed a two-headed ogre
  6681 | D:7      | Reached XP level 10. HP: 38/93 MP: 10/10
  6735 | D:8      | 6735 ||| STAIRDANCE
  6739 | D:8      | 6739 ||| STAIRDANCE
  6748 | D:8      | 6748 ||| STAIRDANCE
  6752 | D:7      | Reached skill level 11 in Unarmed Combat
  6756 | D:8      | 6756 ||| Stepping ~*~*~tactically~*~*~ (outnumbered).
  6757 | D:8      | 6757 ||| Stepping ~*~*~tactically~*~*~ (outnumbered).
  6772 | D:8      | 6772 ||| Stepping ~*~*~tactically~*~*~ (stealth).
  6773 | D:8      | 6773 ||| Stepping ~*~*~tactically~*~*~ (stealth).
  6795 | D:8      | 6795 ||| INVOKING Fiery Armour.
  6810 | D:8      | HP: 21/93 [acid dragon (7)]
  6810 | D:8      | Noticed a gargoyle
  6811 | D:8      | 6811 ||| DRINKING potion of heal wounds.
  6815 | D:8      | HP: 16/93 [orc warrior/+0 glaive (14)]
  6815 | D:8      | Killed from afar by an acid dragon

Levels and vault maps discovered:
D:1:      lightli_arrival_statuegarden, layout_basic,
          hellmonk_ecumenical_altar_defaced_shrine, corexii_leaking_fountain
D:2:      layout_basic, basic_altar, nicolae_shop_unique_rings
D:3:      layout_basic, biasface_ghost_orc_armoury
D:4:      layout_loops_ring, gammafunk_ghost_split
D:5:      layout_gridville, nicolae_tso_besieged_by_evil, marbit_many_paths,
          minmay_temple_entry_crystal_x
D:6:      layout_basic, serial_glass, glass_columns_b, glass_columns_a,
          glass_columns_b, glass_columns_a, glass_columns_a, glass_columns_c
D:7:      layout_basic, nicolae_overflow_hallway_of_the_gods,
          uniq_prince_ribbit1
D:8:      cheibrodos_ideogram_h, layout_basic, grunt_temple_overflow_opulence,
          nicolae_ossuary_entry_ruins, guppyfry_early_elven_hall

Skill      XL: |  1  2  3  4  5  6  7  8  9 10 |
---------------+-------------------------------+-----
Unarmed Combat | 4 5 6 7 9 10 11 | 11.0
Throwing       | 2 |  2.0
Fighting       | 3 4 |  4.2
Dodging        | 1 |  1.6
Shields        | 4 8 |  8.6
Spellcasting   | |  1.0
Fire Magic     | |  2.1

Action                   |  1- 3 |  4- 6 |  7- 9 | 10-12 || total
-------------------------+-------+-------+-------+-------++-------
Melee: Unarmed           |    99 |   125 |   259 |    43 ||   526
       Punch             |       |     7 |     6 |       ||    13
Throw: Boomerang         |    20 |    45 |    39 |       ||   104
       Javelin           |       |     2 |    15 |       ||    17
Invok: Fiery Armour      |       |     4 |     6 |     1 ||    11
  Use: Scroll            |     1 |     7 |     4 |       ||    12
       Potion            |       |     2 |     3 |     1 ||     6
Armor: Robe              |    53 |    43 |    78 |    21 ||   195
Dodge: Dodged            |    47 |    53 |   102 |    24 ||   226
Block: Kite shield       |       |       |    74 |    35 ||   109

Table legend:
 A = Non-vault XP
 B = Vault XP
 C = Vault XP percentage of total XP
 D = Non-vault monster count
 E = Vault monster count
 F = Vault count percentage of total count
                 A         B        C        D         E       F
            +---------+---------+-------+---------+---------+-------
      Total |    5307 |    1662 |  23.8 |     170 |      28 |  14.1
            +---------+---------+-------+---------+---------+-------
        D:1 |      40 |      10 |  20.0 |      22 |       3 |  12.0
        D:2 |      60 |       0 |   0.0 |      19 |       0 |   0.0
        D:3 |     122 |       0 |   0.0 |      29 |       0 |   0.0
        D:4 |     269 |       0 |   0.0 |      18 |       0 |   0.0
        D:5 |     698 |      84 |  10.7 |      22 |      10 |  31.2
        D:6 |     821 |       0 |   0.0 |      13 |       0 |   0.0
        D:7 |    3173 |     865 |  21.4 |      42 |       5 |  10.6
        D:8 |     124 |     703 |  85.0 |       5 |      10 |  66.7
            +---------+---------+-------+---------+---------+-------
